 Dungeon Crawl Stone Soup version 0.30-b1-2-g02819fbbbe (webtiles) character file.

Game seed: 8135146987735503190

1236 Metae the Shield-Bearer (level 8, -6/69 (70) HPs)
             Began as a Minotaur Fighter on June 30, 2023.
             Was a Priest of Uskayaw.
             Mangled by a wight
             ... wielding a +3 short sword
              (13 damage)
             ... on level 6 of the Dungeon.
             The game lasted 00:13:18 (5267 turns).

Metae the Shield-Bearer (Minotaur Fighter)          Turns: 5267, Time: 00:13:19

HP:   -6/69 (70)    AC:  0    Str: 23    XL:     8   Next: 24%
MP:   9/9           EV: 17    Int:  5    God:    Uskayaw [***...]
Gold: 161           SH:  5    Dex: 12    Spells: 7/7 levels left

rFire   . . .        a - +1 rapier
rCold   . . .        c - +0 buckler
rNeg    . . .        n - +5 ring mail "Immuqink" {Rampage Will+ Dex+2 Stlth+}
rPois   .            (helmet restricted)
rElec   .            (no cloak)
rCorr   .            (no gloves)
SInv    .            g - +0 pair of boots
Will    +....        s - amulet of magic regeneration
Stlth   ++           p - +4 ring of slaying
HPRegen 0.31/turn    f - +5 ring of evasion
MPRegen 0.51/turn

%: rampage
@: corroded, lightly drained
A: horns 2, retaliatory headbutt
a: Renounce Religion, Stomp, Line Pass


You were on level 6 of the Dungeon.
You worshipped Uskayaw.
Uskayaw was noncommittal.
You visited 1 branch of the dungeon, and saw 6 of its levels.

You collected 206 gold pieces.
You spent 45 gold pieces at shops.

Inventory:

Hand Weapons
 a - a +1 rapier (weapon)
Missiles
 h - 12 poisoned darts (quivered)
 u - 2 javelins
Armour
 c - a +0 buckler (worn)
 g - a +0 pair of boots (worn)
 n - the +5 ring mail "Immuqink" (worn) {Rampage Will+ Dex+2 Stlth+}
   (You found it on level 3 of the Dungeon)

   Dex:       It affects your dexterity (+2).
   Rampage:   It bestows one free step when moving towards enemies.
   Will:      It increases your willpower.
   Stlth:     It makes you more stealthy.
Jewellery
 f - a +5 ring of evasion (right hand)
 p - a +4 ring of slaying (left hand)
 s - an amulet of magic regeneration (around neck)
Wands
 k - a wand of charming (7)
 l - a wand of roots (9)
 y - a wand of light (11)
Scrolls
 e - 2 scrolls of noise
 o - a scroll of teleportation
 t - 2 scrolls of identify
 v - 2 scrolls of fog
 w - a scroll of magic mapping {unknown}
 A - a scroll of vulnerability {unknown}
Potions
 b - a potion of haste {unknown}
 d - a potion of might
 i - 4 potions of curing
 j - 2 potions of heal wounds {unknown}
 m - a potion of magic {unknown}
 q - a potion of cancellation {unknown}
 r - 2 potions of flight {unknown}
 x - a potion of resistance {unknown}
 z - a potion of degeneration {unknown}


   Skills:
 + Level 6.2 Fighting
 + Level 4.9 Short Blades
 + Level 6.2 Armour
 + Level 4.4 Dodging
 + Level 6.2 Shields
 + Level 2.8 Invocations


You had 7 spell levels left.
You didn't know any spells.
Your spell library contained the following spells:

 Spells                   Type           Power      Damage    Failure   Level
 Call Canine Familiar     Summ           0%         N/A       96%         3
 Portal Projectile        Hex/Tloc       0%         N/A       96%         3
 Leda's Liquefaction      Hex/Erth       0%         N/A       100%        4


Dungeon Overview and Level Annotations

Branches:
Dungeon (6/15)
 Temple: D:4-7

Altars:
Fedhas
Gozag
Hepliaklqana
Kikubaaqudgha
Ru
Trog
Uskayaw
Wu Jian
Yredelemnul
Zin

Shops:
D:3 *   D:5 !


Innate Abilities, Weirdness & Mutations

You have a pair of horns on your head.
You reflexively headbutt those who attack you in melee.


Message History

You are too injured to fight recklessly!
You are too injured to fight recklessly!
You are too injured to fight recklessly!
Unknown command.
The iguana attacks as you move away! The iguana bites you!
* * * LOW HITPOINT WARNING * * *
The wight hits you with a +3 short sword.
* * * LOW HITPOINT WARNING * * *
Uskayaw prepares the audience for your solo!
The helpless jelly fails to defend itself.
You puncture the jelly!
Your hands burn!
* * * LOW HITPOINT WARNING * * *
The jelly is heavily wounded.
The water moccasin is no longer paralysed.
Uskayaw will force your foes to share their pain.
Uskayaw links your audience in an emotional bond!
The helpless jelly fails to defend itself.
You puncture the jelly!
You kill the orc!
You kill the jelly!
The iguana is no longer paralysed. x2; The wight is no longer paralysed. x2
You block the wight's attack. The wight attacks as you move away!
The wight hits you with a +6 flail!
* * * LOW HITPOINT WARNING * * *
The wight attacks as you move away! The wight barely misses you.
The wight is no longer sharing its pain.
The wight is no longer sharing its pain.
You feel better.
The wight hits you with a +3 short sword.
* * * LOW HITPOINT WARNING * * *
You feel drained.
* * * LOW HITPOINT WARNING * * *
The wight attacks as you move away! The wight barely misses you.
You furiously retaliate!
You headbutt the wight, but do no damage.
The wight attacks as you move away! The wight closely misses you.
The wight attacks as you move away! The wight misses you.
You furiously retaliate!
You headbutt the wight. The wight attacks as you move away!
The wight hits you with a +3 short sword!
You die...

#..#.##
##.......##
##.###
##.....##
#.# ##...##
#.# ##+##
#.# #.# #.#
#.#####
#...@.#
#####z# #z#
#S#######.
#..>......
#l#######.
####l#
#....#
##.#.##


You could see a water moccasin, 2 iguanas and 2 wights.

Vanquished Creatures
  A yak (D:5)
  A water moccasin (D:5)
  An ice beast (D:6)
  3 scorpions
  A bullfrog (D:6)
  A howler monkey (D:5)
  2 jellies (D:6)
  2 hounds (D:5)
  Crazy Yiuf (D:4)
  5 iguanas
  2 sleepcaps
  Natasha (D:3)
  4 orc wizards (D:5)
  2 gnolls (D:1)
  5 adders
  A worm (D:2)
  A dart slug (D:4)
  12 orcs
  5 endoplasms
  3 giant cockroaches
  7 goblins
  5 hobgoblins
  4 jackals (D:4)
  4 quokkas
  12 ball pythons
  6 bats
  5 frilled lizards
  7 kobolds
  4 rats
108 creatures vanquished.

Vanquished Creatures (others)
  A bat (D:1)
  5 plants
6 creatures vanquished.

Grand Total: 114 creatures vanquished

Notes
Turn   | Place    | Note
-------+----------+-------------------------------------------
     0 | D:1      | Metae the Minotaur Fighter began the quest for the Orb.
     0 | D:1      | Reached XP level 1. HP: 19/19 MP: 0/0
    96 | D:1      | Reached XP level 2. HP: 13/27 MP: 1/1
   235 | D:1      | Reached skill level 1 in Dodging
   569 | D:1      | Reached XP level 3. HP: 32/33 MP: 2/2
  1510 | D:2      | Reached XP level 4. HP: 39/40 MP: 3/3
  1836 | D:3      | Identified the +5 ring mail "Immuqink" {Rampage Will+ Dex+2
                  | Stlth+}
  1941 | D:3      | Found an opulent altar of Gozag.
  1953 | D:3      | Found Gozag's Platinum Reserve.
  2324 | D:3      | Noticed Natasha
  2329 | D:3      | Killed Natasha
  2336 | D:3      | Found a hide-covered altar of Uskayaw.
  2547 | D:4      | Reached XP level 5. HP: 47/47 MP: 4/4
  2600 | D:4      | Identified the staff of conjuration "Zaifedgh" {rCorr}
  2719 | D:4      | Found a sacrificial altar of Ru.
  3015 | D:4      | Found an ancient bone altar of Kikubaaqudgha.
  3143 | D:4      | Found an ornate altar of the Wu Jian Council.
  3214 | D:4      | Found a runed translucent door.
  3215 | D:4      | Noticed Crazy Yiuf
  3261 | D:4      | Reached XP level 6. HP: 55/55 MP: 5/5
  3299 | D:4      | Reached skill level 5 in Fighting
  3299 | D:4      | Reached skill level 5 in Shields
  3667 | D:3      | Became a worshipper of Uskayaw the Reveller
  3710 | D:4      | Reached * piety under Uskayaw
  3711 | D:4      | Killed Crazy Yiuf
  4093 | D:5      | Entered Level 5 of the Dungeon
  4096 | D:5      | Found Onaok's Distillery.
  4102 | D:5      | Bought a potion of curing for 45 gold pieces
  4108 | D:5      | Reached ** piety under Uskayaw
  4110 | D:5      | Reached skill level 5 in Armour
  4110 | D:5      | Reached *** piety under Uskayaw
  4118 | D:5      | Reached **** piety under Uskayaw
  4392 | D:5      | Found a glowing silver altar of Zin.
  4402 | D:5      | Reached skill level 1 in Invocations
  4516 | D:5      | Found a bloodstained altar of Trog.
  4683 | D:5      | Reached XP level 7. HP: 61/61 MP: 5/7
  4703 | D:5      | Noticed a yak
  4744 | D:5      | Killed a yak
  4991 | D:5      | Found a hazy altar of Hepliaklqana.
  4991 | D:5      | Found a blossoming altar of Fedhas.
  4991 | D:5      | Found a basalt altar of Yredelemnul.
  5121 | D:6      | Reached XP level 8. HP: 70/70 MP: 8/8
  5257 | D:6      | HP: 2/70 [wight/+6 flail (11)]
  5267 | D:6      | Mangled by a wight

Illustrated notes

Levels and vault maps discovered:
D:1:      dpeg_arrival_boxes_within_box, layout_loops_ring, lemuel_flame_loot_1
D:2:      layout_loops_ring, corexii_hall_statues_deadend,
          lexackson_kobold_supper
D:3:      layout_loops_ring, nicolae_gozag_zags_fifth_avenue,
          general_overflow_altar, uniq_natasha
D:4:      layout_basic, nicolae_ru_the_path_less_chosen,
          nicolae_wu_jian_glorious_leap, nicolae_overflow_hidden_temple,
          dk_noncrumbling_3, uniq_crazy_yiuf_cottage
D:5:      minmay_chambers_of_fours, layout_loops_ring, trog_butcher_becter,
          old_standard_altar, gammafunk_temple_overflow_forgotten, serial_shops,
          kennysheep_mini_moat
D:6:      layout_loops_corners, temple_fountains, nrook_uturn,
          minmay_fractal_squares_5, uniq_menkaure

Skill      XL: |  1  2  3  4  5  6  7  8 |
---------------+-------------------------+-----
Dodging        | 1 2 3 4 |  4.4
Armour         | 4 5 6 |  6.2
Fighting       | 4 5 6 |  6.2
Shields        | 4 5 6 |  6.2
Short Blades   | 3 4 |  4.9
Invocations    | 1 2 |  2.8

Action                     |  1- 3 |  4- 6 |  7- 9 || total
---------------------------+-------+-------+-------++-------
  Melee: Rapier            |    98 |   133 |    52 ||   283
         Headbutt          |     8 |    13 |    15 ||    36
    Use: Scroll            |       |     7 |       ||     7
         Potion            |       |       |     1 ||     1
   Stab: Sleeping          |       |     5 |     1 ||     6
         Paralysed         |       |     1 |     4 ||     5
 Armour: Scale mail        |    42 |       |       ||    42
         Ring mail         |       |    62 |     9 ||    71
         Chain mail        |       |     8 |       ||     8
  Dodge: Dodged            |    42 |    91 |    30 ||   163
  Block: Buckler           |    18 |    27 |    11 ||    56
